AoeStats
← kkkg

Team Islands

503140492Analyzed
4v4 RM · 1mo ago on Aug 30, 2026· 27m 32s· 8 players
Game mode
Random Map
Map size
242×242
Population
200
Speed
Normal
Resources
Standard
Victory
Conquest
Starting age
Dark Age
Ending age
Imperial Age
RankedLock teamsTeams togetherTeam positionsShared explorationLock speedFull tech treeHidden civsTurbo modeCheats
Victory
Defeat
🇭🇰 Dravidians · Hong Kong SAR China
1150
+15
🇹🇼 Byzantines · Taiwan
1143
+15
🇹🇼 Byzantines · Taiwan
1140
+15
🇨🇳 Italians · China
1030
+20
🇺🇾 Franks · Uruguay
1140
-17
🇨🇳 Koreans · China
1135
-17
🇷🇺 Sicilians · Russia
1127
-17
🇨🇳 Vietnamese · China
1114
-16
bandreol
8:01 Loom
10:33 Feudal Age
tugou
11:47 Feudal Age
15:50 Castle Age
14:39 Double-Bit Axe
15:09 Fishing Lines
15:54 Loom
16:51 Gillnets
20:53 Fletching
21:03 Gold Mining
23:44 Ballistics
24:55 Bodkin Arrow
26:50 Wheelbarrow
26:03 Town Watch
kkkg
SCHNOBEL
4:53 Loom
即刻救援
13:27 Feudal Age
13:39 Loom
17:28 Castle Age
15:37 Double-Bit Axe
15:45 Horse Collar
16:03 Fishing Lines
19:07 Bow Saw
19:27 Gillnets
21:04 Wheelbarrow
21:06 Gold Mining
21:22 Heavy Plow
22:41 Scale Barding Armor
22:47 Forging
25:25 Iron Casting
27:05 Gold Shaft Mining
27:09 Chain Barding Armor
I just want to farm!!!
0:27 Loom
11:10 Feudal Age
15:58 Castle Age
14:18 Double-Bit Axe
15:38 Horse Collar
15:51 Fletching
16:57 Bow Saw
17:29 Bodkin Arrow
20:19 Fishing Lines
21:15 Scale Mail Armor
22:44 Stone Mining
24:12 Padded Archer Armor
25:35 Gold Mining
26:34 Gillnets
猪队友怕不怕
10:40 Loom
12:28 Feudal Age
13:41 Double-Bit Axe
14:48 Horse Collar
18:40 Castle Age
17:03 Fletching
18:16 Loom
18:43 Padded Archer Armor
20:02 Wheelbarrow
19:49 Bow Saw
19:41 Heavy Plow
20:27 Bodkin Arrow
22:57 Gold Mining
24:59 Leather Archer Armor
MessiahOVO
11:52 Feudal Age
13:04 Double-Bit Axe
13:03 Horse Collar
16:47 Fishing Lines
19:34 Castle Age
17:28 Fletching
20:41 Wheelbarrow
20:56 Medium Warships
20:47 Bodkin Arrow
22:28 Gillnets
Connection lost

Rejoining the realm…

Still unreachable

The connection could not be restored.

Session expired

The server has moved on; the page needs a fresh start.